 Dungeon Crawl Stone Soup version 0.28-a0-533-g9f97627e2a (webtiles) character file.

Game seed: 8530723686685844584

63 Crimsonway the Caller (level 4, -1/21 HPs)
             Began as a Vine Stalker Summoner on Sept 26, 2021.
             Was an Initiate of Gozag.
             Slain by an orc (4 damage)
             ... on level 3 of the Dungeon.
             The game lasted 00:17:56 (2170 turns).

Crimsonway the Caller (Vine Stalker Summoner)       Turns: 2170, Time: 00:17:57

Health: -1/21      AC:  6    Str: 11    XL:     4   Next: 9%
Magic:  0/9        EV: 12    Int: 16    God:    Gozag
Gold:   262        SH:  0    Dex: 14    Spells: 8/9 levels left

rFire   . . .      SeeInvis .   j - +1 whip
rCold   . . .      Faith    .   (no shield)
rNeg    . . .      Spirit   +   a - +0 robe
rPois   .          Reflect  .   (no helmet)
rElec   .          Harm     .   e - +0 cloak
rCorr   .          Rampage  .   q - +2 pair of gloves
Will    .....                   (no boots)
Stlth   ++........              (no amulet)
HPRegen 1.07/turn               (no ring)
MPRegen 0.11/turn               (no ring)

@: lethally poisoned (-1 -> -1)
A: fangs 2, regeneration 1, magic shield, antimagic bite, no potion heal 2
a: Renounce Religion, Potion Petition, Call Merchant, Bribe Branch


You were on level 3 of the Dungeon.
You worshipped Gozag.
Gozag was aware of your devotion.
You visited 1 branch of the dungeon, and saw 4 of its levels.

You collected 262 gold pieces.

Inventory:

Hand Weapons
 j - a +1 whip (weapon)
 k - a +0 dagger
Missiles
 b - 66 arrows
 c - 58 bolts
 d - 6 datura-tipped darts
Armour
 a - a +0 robe (worn)
 e - a +0 cloak (worn)
 g - a +0 robe
 i - a +0 pair of gloves
 q - a +2 pair of gloves (worn)
Scrolls
 h - 2 scrolls of enchant armour {unknown}
 n - a scroll of vulnerability {unknown}
Potions
 l - 2 potions of invisibility {unknown}
 o - 2 potions of ambrosia {unknown}
 r - 2 potions of berserk rage {unknown}


   Skills:
 + Level 0.3 Maces & Flails
 + Level 1.6 Dodging
 + Level 2.8 Stealth
 + Level 3.0 Spellcasting
 + Level 4.8 Summonings


You had 8 spell levels left.
You knew the following spells:

 Your Spells              Type           Power      Damage    Failure   Level
a - Summon Small Mammal   Summ           68%        N/A       2%          1

Your spell library contained the following spells:

 Spells                   Type           Power      Damage    Failure   Level
 Call Imp                 Summ           17%        N/A       3%          2
 Call Canine Familiar     Summ           17%        N/A       8%          3
 Summon Guardian Golem    Hex/Summ       10%        N/A       21%         3
 Ensorcelled Hibernation  Hex/Ice        4%         N/A       28%         2
 Spider Form              Tmut/Pois      1%         N/A       50%         3
 Summon Lightning Spire   Summ/Air       10%        N/A       56%         4


Dungeon Overview and Level Annotations

Branches:
Dungeon (4/15)
 Temple: D:4-7

Altars:
Gozag


Innate Abilities, Weirdness & Mutations

You have extremely sharp teeth.
Your natural rate of healing is unusually fast.
When hurt, damage is shared between your health and your magic reserves.
Your bite disrupts and absorbs the magic of your enemies.
Potions cannot restore your health.


Message History

The orc wizard misses you. The kobold closely misses you.
The scorpion stings you.
You hit the kobold.
The kobold is severely wounded.
You feel less confused. The orc wizard barely misses you.
The kobold barely misses you.
The scorpion stings you but does no damage.
A frilled lizard comes into view.
The orc wizard hits you but does no damage.
The scorpion stings you.
The scorpion stings you but does no damage.
The kobold hits you but does no damage. The orc misses you.
The orc wizard gestures wildly while chanting.
The orc wizard flickers and vanishes!
Deactivating autopickup; reactivate with Ctrl-A.
The frilled lizard hisses angrily.
The orc barely misses you.
The scorpion stings you but does no damage.
The kobold barely misses you. The scorpion stings you! The kobold misses you.
The orc hits you with a +1 flail of holy wrath.
The kobold hits you with a +0 dagger. The orc closely misses you.
The orc misses you. The scorpion stings you.
You are poisoned.
The scorpion poisons you! The scorpion barely misses you.
You open the door.
You feel very sick. The orc barely misses you.
The frilled lizard barely misses you. The scorpion barely misses you.
The orc misses you.
You feel sick. The frilled lizard barely misses you.
There is an open door here.
A hobgoblin comes into view.
You feel sick.
You feel sick.
You feel sick.
The hobgoblin shouts!
The orc hits you with a +1 flail of holy wrath.
You die...
Your body crumbles into a pile of gold.

### #.#######. #.@..g....
### #o#######.
...#####l#......
####.#....o..#..#. #######
.........K........ #(...[.
.###.#......##########.#####
#......................
#.#.......#########.#####
#.#.......# .. #.#....


You could see 2 orcs, a hobgoblin, a kobold and a frilled lizard.

Vanquished Creatures
  An adder (D:3)
  A worm (D:2)
  An orc (D:3)
  A goblin (D:2)
  A hobgoblin (D:3)
  2 kobolds
  A quokka (D:2)
  A rat (D:2)
9 creatures vanquished.

Vanquished Creatures (collateral kills)
  An adder (D:4)
  A bat (D:1)
  3 endoplasms
  A giant cockroach (D:1)
  A goblin (D:2)
  7 hobgoblins
  2 quokkas
  6 ball pythons
  3 frilled lizards
  4 rats
29 creatures vanquished.

Grand Total: 38 creatures vanquished

Notes
Turn   | Place    | Note
-------+----------+-------------------------------------------
     0 | D:1      | Crimsonway the Vine Stalker Summoner began the quest for
                  | the Orb.
     0 | D:1      | Reached XP level 1. HP: 9/9 MP: 4/4
   220 | D:1      | Reached XP level 2. HP: 12/13 MP: 4/6
   227 | D:1      | Found a faded altar of an unknown god.
   236 | D:1      | Became a worshipper of Gozag Ym Sagoz the Greedy
  1284 | D:2      | Reached XP level 3. HP: 16/16 MP: 4/7
  2038 | D:3      | You fall into a shaft and drop 1 floor!
  2043 | D:4      | Noticed a scorpion
  2053 | D:4      | Gained mutation: Your natural rate of healing is unusually
                  | fast. [Vine Stalker growth]
  2053 | D:4      | Reached XP level 4. HP: 13/21 MP: 5/9
  2170 | D:3      | Slain by an orc

Illustrated notes

Levels and vault maps discovered:
D:1:      amcnicky_arrival_flooded_fountain, layout_basic,
          hellmonk_ecumenical_altar_zigzags
D:2:      layout_rooms
D:3:      layout_basic, ebering_ghost_sewer_d
D:4:      layout_basic, mainiacjoe_overflow_24_doors, mainiacjoe_overflow_paths,
          minmay_bent

Skill      XL: |  1  2  3 |
---------------+----------+-----
Spellcasting   | 3 |  3.0
Maces & Flails | |  0.3
Dodging        | |  1.6
Stealth        | |  2.8
Summonings     | |  4.8

Action                   |  1- 3 |  4- 6 || total
-------------------------+-------+-------++-------
Melee: Whip              |    26 |     4 ||    30
       Bite              |     6 |       ||     6
Throw: Dart              |     1 |       ||     1
 Cast: Summon Small Mamm |    67 |     1 ||    68
  Use: Potion            |     1 |       ||     1
       Scroll            |       |     3 ||     3
Armor: Robe              |    13 |    16 ||    29
Dodge: Dodged            |    38 |    56 ||    94

Table legend: (Time is in decaauts)
 A = Elapsed time spent in this place.
 B = Non-inter-level travel time spent in this place.
 C = Inter-level travel time spent in this place.
 D = Time resting spent in this place.
 E = Time spent auto-exploring this place.
 F = Levels seen in this place.
 G = Mean time per level.
                   A        B        C        D        E       F      G
               +--------+--------+--------+--------+--------+-----+--------+
         Total |   2172 |   2158 |     14 |      0 |      0 |   4 |  543.0 |
       Dungeon |   2172 |   2158 |     14 |      0 |      0 |   4 |  543.0 |
               +--------+--------+--------+--------+--------+-----+--------+

Top non-repeatable levels by time:
     D:1: 1222 daAuts
     D:2: 635 daAuts
     D:3: 236 daAuts
     D:4: 77 daAuts
